 Dungeon Crawl Stone Soup version 0.28-a0-872-g80cf8599ee (webtiles) character file.

Game seed: 3482331822707384508

84 patchburns1 the Chopper (level 4, -3/41 HPs)
             Began as a Hill Orc Monk on Nov 20, 2021.
             Splashed by a jelly's acid (8 damage)
             ... on level 3 of the Dungeon.
             The game lasted 00:11:45 (2995 turns).

patchburns1 the Chopper (Hill Orc Monk)             Turns: 2995, Time: 00:11:46

Health: -3/41      AC:  4    Str: 14    XL:     4   Next: 46%
Magic:  5/5        EV:  6    Int: 10    God:
Gold:   91         SH:  0    Dex: 13    Spells: 3/3 levels left

rFire   . . .      SeeInvis .   n - +0 club
rCold   . . .      Faith    .   (no shield)
rNeg    . . .      Spirit   .   h - +0 chain mail
rPois   .          Reflect  .   (no helmet)
rElec   .          Harm     .   (no cloak)
rCorr   .          Rampage  .   (no gloves)
Will    .....                   (no boots)
Stlth   ..........              (no amulet)
HPRegen 0.13/turn               (no ring)
MPRegen 0.09/turn               (no ring)

@: corroded
A: no striking features
a: no special abilities


You were on level 3 of the Dungeon.
You visited 1 branch of the dungeon, and saw 3 of its levels.

You collected 91 gold pieces.

Inventory:

Hand Weapons
 a - a +0 hand axe
 g - a +0 hunting sling
 n - a +0 club (weapon)
Missiles
 d - 6 arrows
 i - 20 stones (quivered)
 j - 21 sling bullets
Armour
 b - a +0 robe
 e - a +0 leather armour
 h - a +0 chain mail (worn)
Jewellery
 m - a ring of flight
Scrolls
 k - a scroll of enchant armour {unknown}
 l - a scroll of identify {unknown}
Potions
 c - a potion of haste {unknown}
 f - 2 potions of magic {unknown}


   Skills:
 * Level 4.3 Fighting
 * Level 4.8 Axes
 * Level 1.4 Armour
 + Level 2.6 Dodging
 - Level 1.5 Stealth
 + Level 0.1 Shields
 * Level 2.0 Invocations
 + Level 0.6 Evocations


You had 3 spell levels left.
You didn't know any spells.
Your spell library was empty.

Dungeon Overview and Level Annotations

Branches:
Dungeon (3/15)

Altars:


Message History

You hit the dart slug.
The dart slug is severely wounded.
The dart slug bites you but does no damage.
You barely miss the dart slug.
The dart slug is severely wounded.
A rat comes into view.
The dart slug bites you but does no damage.
You barely miss the dart slug.
The dart slug is severely wounded.
The rat is engulfed in noxious fumes.
The rat appears confused.
The rat dies!
You hit the dart slug.
You kill the dart slug!
You hit the jelly. The acid corrodes you!
Your hands burn!
The jelly is moderately wounded.
The jelly barely misses you.
You see here a +0 club.
n - a +0 club The jelly hits you.
You are splashed with acid!
n - a +0 club (weapon)
You hit the jelly but do no damage. The acid corrodes you!
Your hands burn!
The jelly is moderately wounded.
The jelly jiggles.
The jelly hits you.
You are splashed with acid!
You hit the jelly.
Your hands burn!
The jelly is moderately wounded.
The jelly hits you.
You are splashed with acid.
* * * LOW HITPOINT WARNING * * *
The jelly hits you.
* * * LOW HITPOINT WARNING * * *
You are splashed with acid!
* * * LOW HITPOINT WARNING * * *
You are no longer corroded.
The endoplasm jiggles.
The jelly jiggles.
You see here a +0 dagger.
The jelly hits you.
* * * LOW HITPOINT WARNING * * *
The acid corrodes you!
You are splashed with acid!
You die...

#.# #.. ...# #.######
#..## #..# #...J..#
#...# #..# #o####.#
#...####..### #g# #.#
#..†........##### #.#
#.# #.#.####..#.....
#.# #.# #.#.#
#..#..###
#.####.###.#.# #.....#
#.#......@...# #....##
#.....>###J### #.##.#
#.#.##.# #J# #.##.#
#......# #.# #.##.#
###.##.###.######.##.#
#.##...)...........#
#.######.######.####
#.# #.# #.# #.# #.#
#.#


You could see a jelly and an endoplasm.

Vanquished Creatures
  An adder (D:2)
  A worm (D:1)
  5 dart slugs
  An orc (D:3)
  7 bats
  3 endoplasms (D:2)
  A giant cockroach (D:2)
  7 goblins
  4 hobgoblins
  4 jackals (D:1)
  4 kobolds
  A quokka (D:2)
  9 ball pythons
  2 frilled lizards (D:1)
  8 rats
58 creatures vanquished.

Vanquished Creatures (others)
  A rat (D:3)
1 creature vanquished.

Grand Total: 59 creatures vanquished

Notes
Turn   | Place    | Note
-------+----------+-------------------------------------------
     0 | D:1      | patchburns1 the Hill Orc Monk began the quest for the Orb.
     0 | D:1      | Reached XP level 1. HP: 19/19 MP: 1/1
   280 | D:1      | Reached XP level 2. HP: 25/27 MP: 2/2
   693 | D:1      | Reached skill level 1 in Invocations
   740 | D:1      | Reached skill level 1 in Armour
  1003 | D:1      | Reached XP level 3. HP: 30/33 MP: 3/3
  1078 | D:1      | Found a faded altar of an unknown god.
  2301 | D:2      | Reached XP level 4. HP: 30/40 MP: 5/5
  2957 | D:3      | HP: 1/41 [acid (7)]
  2995 | D:3      | Splashed by a jelly's acid

Illustrated notes

Levels and vault maps discovered:
D:1:      shiori_arrival_elements, layout_basic,
          nicolae_ecumenical_snake_handling
D:2:      layout_basic
D:3:      layout_loops_ring, xom_confusion_cloud

Skill      XL: |  1  2  3  4 |
---------------+-------------+-----
Invocations    | 1 2 |  2.0
Armour         | 1 |  1.4
Fighting       | 4 |  4.3
Axes           | |  4.8
Dodging        | |  2.6
Stealth        | |  1.5
Shields        | |  0.1
Evocations     | |  0.6

Action                   |  1- 3 |  4- 6 || total
-------------------------+-------+-------++-------
Melee: Hand axe          |   160 |    46 ||   206
       Club              |       |     2 ||     2
Throw: Stone             |       |     2 ||     2
 Stab: Distracted        |     1 |       ||     1
Armor: Robe              |     3 |       ||     3
       Leather armour    |    30 |       ||    30
       Chain mail        |    15 |    27 ||    42
Dodge: Dodged            |   111 |     8 ||   119

Table legend: (Time is in decaauts)
 A = Elapsed time spent in this place.
 B = Non-inter-level travel time spent in this place.
 C = Inter-level travel time spent in this place.
 D = Time resting spent in this place.
 E = Time spent auto-exploring this place.
 F = Levels seen in this place.
 G = Mean time per level.
                   A        B        C        D        E       F      G
               +--------+--------+--------+--------+--------+-----+--------+
         Total |   3011 |   2925 |     86 |    991 |    858 |   3 | 1003.7 |
       Dungeon |   3011 |   2925 |     86 |    991 |    858 |   3 | 1003.7 |
               +--------+--------+--------+--------+--------+-----+--------+

Top non-repeatable levels by time:
     D:1: 1835 daAuts
     D:2: 1001 daAuts
     D:3: 174 daAuts
